 Dungeon Crawl Stone Soup version 0.18-a0-1273-g8ec5f8e (webtiles) character file.

28343 4thArraOfDagon the Unseen (level 13, -21/81 HPs)
             Began as a Felid Berserker on Feb 7, 2016.
             Was a Priest of Trog.
             Blown up by an ancient lich (42 damage)
             ... with a wavering orb of destruction
             ... in a wizard's laboratory.
             The game lasted 00:57:31 (9640 turns).

4thArraOfDagon the Unseen (Felid Berserker)         Turns: 9640, Time: 00:57:31

Health: -21/81     AC:  6    Str: 18      XL:     13   Next: 9%
Magic:  21/21      EV: 45    Int:  5 (9)  God:    Trog [***...]
Gold:   2202       SH:  5    Dex: 29      Spells: 0 memorised, 12 levels left
                                        Lives:  0   Deaths: 4

rFire  . . .     SeeInvis +       - Unarmed
rCold  + . .     Gourm    .     (armour unavailable)
rNeg   . . .     Faith    .     (shield unavailable)
rPois  .         Spirit   .     (helmet unavailable)
rElec  .         Dismiss  .     (cloak unavailable)
rCorr  .         Reflect  +     (gloves unavailable)
SustAt .         Harm     .     (boots unavailable)
MR     +++..                    f - +3 amulet of reflection
Stlth  ..........               l - +3 ring of evasion
                                v - +4 ring of dexterity

@: mighty, agile, berserking (expiring), very slightly contaminated,
regenerating, hasted, very quick, extremely resistant to hostile enchantments,
extremely unstealthy
A: no armour, no weapons or thrown items, claws 1, fangs 3, repulsion field 1,
icy blue scales 1, large bone plates 1, see invisible, carnivore 3,
deterioration 1, speed 1, frail 1, mutation resistance 1, shaggy fur 3, slow
metabolism 1, subdued magic 1, sharp paws
a: Berserk, Trog's Hand, Burn Spellbooks, Renounce Religion


You were in a wizard's laboratory.
You worshipped Trog.
Trog was most pleased with you.
You were full.

You visited 4 branches of the dungeon, and saw 20 of its levels.
You also visited: Sewer, Ice Cave and Wizlab.

You collected 2202 gold pieces.

Inventory:

Hand Weapons
 j - the +10 dark maul {crush}
   (You found it on level 4 of the Dungeon)

   It inflicts extra damage upon your enemies.
Armour
 I - the +1 cloak of Lies {rPois rN++ rCorr Str+4, unknown}
   (You found it on level 13 of the Dungeon)

   It affects your strength (+4).
   It protects you from poison.
   It greatly protects you from negative energy.
   It protects you from acid and corrosion.
Jewellery
 f - a +3 amulet of reflection (around neck)
 l - a +3 ring of evasion (right paw)
 v - a +4 ring of dexterity (left paw)
 y - an uncursed ring of wizardry
 z - the amulet of the Four Winds {rN+ MR+++ Clar}
   (You found it on level 10 of the Dungeon)

   [amulet of nothing]

   It protects you from negative energy.
   It affects your resistance to hostile enchantments.
   It protects you against confusion.
 E - an uncursed ring of ice
Wands
 q - a wand of digging (1/24)
 r - a wand of iceblast (8/15)
 w - a wand of teleportation (5/9)
 B - a wand of acid (6/15)
 F - a wand of paralysis (10/24)
 G - a wand of iceblast (9/15)
 L - a wand of disintegration (11/24)
 M - a wand of iceblast (9/15)
 N - a wand of polymorph (6/24)
 P - a wand of digging (15/24)
Scrolls
 k - 8 scrolls of remove curse
 n - 7 scrolls of amnesia {unknown}
 s - a scroll of recharging {unknown}
 t - a scroll of vulnerability {unknown}
 x - a scroll of teleportation
 D - 3 scrolls of immolation
 J - a scroll of summoning {unknown}
 K - 3 scrolls of blinking
 O - 3 scrolls of noise {unknown}
 T - 4 scrolls of fog
 U - a scroll of magic mapping {unknown}
 V - 2 scrolls of identify
Potions
 c - 2 potions of curing
 d - 5 potions of lignification
 e - a potion of berserk rage
 g - 2 potions of ambrosia
 h - 2 potions of magic
 i - 3 potions of flight
 m - a potion of haste
 o - 2 potions of might
 C - a potion of agility
 S - a potion of degeneration
Books
 A - the Collected Works on the Mutagenic Entourage
   (You found it in an ice cave)

   Spells                             Type                      Level
   a - Recall                         Summoning/Translocation      3
   b - Call Canine Familiar           Summoning                    3
   c - Spider Form                    Transmutation/Poison         3
   d - Summon Lightning Spire         Summoning/Air                4
   e - Yara's Violent Unravelling     Hexes/Transmutation          5
   Trog disapproves of the use of such an item.
Miscellaneous
 b - a plain deck of changes {drawn: 1}
 H - a lamp of fire
 Q - a stone of tremors
Comestibles
 a - 4 meat rations
 p - 6 slices of pizza
 u - 3 beef jerkies


   Skills:
 + Level 9.6 Fighting
 + Level 13.5 Dodging
 * Level 19.0 Stealth
 * Level 14.0 Unarmed Combat
 + Level 10.3 Evocations


You had 12 spell levels left.
You didn't know any spells.

Dungeon Overview and Level Annotations

Branches:
Dungeon (15/15)            Temple (0/1) D:5            Lair (0/8) D:9
    Orc (2/2) D:11            Elf (1/3) Orc:2        Vaults (0/5) D:14
 Depths (2/5) D:15

Altars:
Ashenzari
Dithmenos
Fedhas
Gozag
Nemelex Xobeh
Okawaru
Sif Muna
Yredelemnul
Beogh

Shops:
D:9 (   Orc:2 =:[((%(

Portals:
Hell: Depths:1 Depths:2
Trove: D:12 (give 16 potions of curing)

Annotations:
D:8 cireshan's ghost, novice HEFE


Innate Abilities, Weirdness & Mutations

You cannot wear armour.
You are incapable of wielding weapons or throwing items.
You have sharp claws.
You have razor-sharp teeth.
You have supernaturally acute eyesight.
You are carnivorous and can eat meat at any time.
You cover ground quickly.
Your thick and shaggy fur keeps you warm (AC +3, rC+).
You have a slow metabolism.
Your sharp claws are effective at attacking unaware monsters.
You are surrounded by a mild repulsion field (EV +2).
You are partially covered in icy blue scales (AC +1).
You are partially covered in large bone plates (AC +2, SH +2).
Your body sometimes deteriorates upon taking damage.
You are frail (-10% HP).
You are somewhat resistant to further mutation.
Your spells are a little easier to cast, but a little less powerful.


Message History

Your two-headed ogre's corpse disappears in a puff of smoke!
Unknown command.
A red film seems to cover your vision as you go berserk!
You feel yourself moving faster!
You feel mighty!
You feel somewhat less full.
The ancient lich conjures an orb of pure magic.
An orb of destruction comes into view.
You feel the effects of Trog's Hand fading.
Unknown command.
You feel a strong urge to attack something.
The wavering orb of destruction hits you!
Ouch! That really hurt!
* * * LOW HITPOINT WARNING * * *
Unknown command.
You scratch the ancient lich.
You bite the ancient lich, but do no damage.
The ancient lich is almost destroyed.
The ancient lich launches a ball of destructive magic.
The wavering orb of destruction weakly hits you!
Ouch! That really hurt!
You die...

############# #...........#
#...........# #.....'.....#
#..∩.+∩+.∩..# #.....'.....#
#...........# #.....@.....#
################L################
.................................
.................................
.................#...............
........#......#..............?..
##.....#.......#.#...............
?#...............................
##...............................


You could see an ancient lich (invisible).

Vanquished Creatures
  Gastronok (D:11)
  An orc warlord (Orc:2)
  A juggernaut zombie (WizLab)
  Nessos (D:13)
  2 ettins
  A vault guard (D:14)
  Snorg (D:14)
  A merfolk impaler (Depths:1)
  A great orb of eyes (Depths:1)
  A great orb of eyes (shapeshifter) (Depths:1)
  5 mummy priests (WizLab)
  Fannar (D:11)
  An ice dragon (Depths:1)
  Harold (D:11)
  3 ogre magi
  A death knight (D:14)
  A dancing weapon (Elf:1)
  5 centaur warriors
  3 death yaks (IceCv)
  A deep elf knight (D:15)
  A spark wasp zombie (WizLab)
  An unseen horror (D:14)
  A deep troll (D:15)
  2 hill giants (D:15)
  A wizard (D:14)
  A necromancer (D:14)
  A deep elf archer (Elf:1)
  An orc knight (Orc:2)
  9 ugly things
  A frost giant zombie (WizLab)
  3 orc sorcerers (Orc:2)
  A cyclops (D:15)
  A manticore (D:13)
  A centaur zombie (D:15)
  Maurice (D:13)
  A gargoyle (D:12)
  6 yaktaurs
  3 spriggan zombies (WizLab)
  A komodo dragon (D:13)
  A tengu conjurer (Depths:2)
  A guardian mummy (WizLab)
  9 polar bears (IceCv)
  4 trolls
  A jumping spider (shapeshifter) (D:13)
  6 two-headed ogres
  A centaur simulacrum (D:15)
  A water elemental (Depths:1)
  18 yaks
  The ghost of namelastname112 the Shooter, an amateur DrHu (Sewer)
  A hippogriff (D:8)
  A hog (D:7)
  An elf zombie (WizLab)
  A hungry ghost (D:12)
  A steam dragon (D:14)
  23 humans
  3 vampire mosquitoes (D:12)
  9 wolves (IceCv)
  Menkaure (D:4)
  2 soldier ants
  A warg (Orc:2)
  25 orc warriors
  7 sky beasts
  6 ice beasts
  An eye of draining (D:12)
  3 phantoms
  2 necrophages
  7 centaurs
  10 ogres
  A crocodile (Sewer)
  A big kobold (D:9)
  5 giant frogs
  2 scorpions
  15 killer bees
  A raiju zombie (WizLab)
  A jelly (D:14)
  5 wights (D:11)
  3 crimson imps
  3 quasits
  5 hounds
  16 orc priests
  2 giant frog skeletons
  3 centaur skeletons
  Terence (D:2)
  Natasha (D:4)
  16 orc wizards
  6 worker ants
  2 killer bee zombies
  4 sheep
  A hound zombie (D:9)
  A hound skeleton (D:9)
  4 worker ant zombies
  3 gnolls (Orc:2)
  17 adders
  A shadow imp (D:7)
  An ooze (D:3)
  A worm (D:4)
  2 giant geckos
  80 orcs
  5 giant cockroaches
  2 hobgoblins (D:2)
  5 jackals
  6 kobolds
  4 quokkas
  6 bats
  A giant newt (D:2)
  2 goblins (D:3)
  A jackal skeleton (D:3)
  2 rats
  A butterfly (D:5)
457 creatures vanquished.

Vanquished Creatures (collateral kills)
  An ugly thing (D:14)
  A troll (D:14)
  An orc priest (Orc:2)
  4 orcs (Orc:2)
7 creatures vanquished.

Vanquished Creatures (others)
  A golden dragon zombie (WizLab)
  A fire giant zombie (WizLab)
  3 polar bears (IceCv)
  An entropy weaver zombie (WizLab)
  5 yaks (IceCv)
  4 wolves (IceCv)
15 creatures vanquished.

Grand Total: 479 creatures vanquished

Notes
Turn   | Place    | Note
--------------------------------------------------------------
     0 | D:1      | 4thArraOfDagon the Felid Berserker began the quest for the Orb.
     0 | D:1      | Reached XP level 1. HP: 10/10 MP: 2/2
    54 | D:1      | You fall through a shaft!
   173 | D:2      | Reached skill level 1 in Stealth
   270 | D:2      | Noticed Terence
   276 | D:2      | Killed Terence
   276 | D:2      | Reached XP level 2. HP: 14/14 MP: 3/3
   276 | D:2      | Reached XP level 3. HP: 16/17 MP: 4/4
   461 | D:3      | Reached XP level 4. HP: 16/21 MP: 5/5
   524 | D:4      | RLY
   567 | D:4      | Noticed Menkaure
   578 | D:4      | Killed Menkaure
   578 | D:4      | Reached ** piety under Trog
   578 | D:4      | Reached skill level 5 in Dodging
   578 | D:4      | Reached skill level 5 in Stealth
   578 | D:4      | Reached XP level 5. HP: 12/24 MP: 6/6
   668 | D:4      | Gained mutation: You are covered in thick fur (AC +2). [Felid growth]
   668 | D:4      | Reached XP level 6. HP: 26/28 MP: 7/7
   701 | D:5      | Entered Level 5 of the Dungeon
   716 | D:5      | Reached skill level 6 in Stealth
   716 | D:5      | Reached skill level 5 in Unarmed Combat
   819 | D:4      | Noticed Natasha
   828 | D:4      | Killed Natasha
   937 | D:5      | Found a staircase to the Ecumenical Temple.
  1059 | D:5      | Reached skill level 7 in Stealth
  1059 | D:5      | Reached XP level 7. HP: 31/31 MP: 8/8
  1179 | D:5      | Found a glowing drain.
  1214 | Sewer    | Entered a sewer
  1252 | Sewer    | Noticed namelastname112's ghost (amateur DrHu)
  1296 | Sewer    | Killed namelastname112's ghost
  1296 | Sewer    | Reached skill level 8 in Stealth
  1349 | Sewer    | Gained mutation: You are agile. (Dex +2) [potion of mutation]
  1349 | Sewer    | Gained mutation: Your body sometimes deteriorates upon taking damage. [potion of mutation]
  1520 | D:6      | Reached XP level 8. HP: 19/34 MP: 9/9
  1544 | D:6      | HP: 1/34 [phantom (9)]
  1586 | D:7      | Reached skill level 9 in Stealth
  1834 | D:8      | Noticed cireshan's ghost (novice HEFE)
  1911 | D:7      | Reached skill level 1 in Evocations
  2070 | D:8      | Reached skill level 10 in Stealth
  2375 | D:7      | Reached XP level 9. HP: 39/39 MP: 11/11
  2591 | D:8      | Reached skill level 11 in Stealth
  2599 | D:8      | HP: 1/39 [poisoned by a killer bee]
  2599 | D:8      | Slain by a killer bee
  2600 | D:8      | Reached XP level 8. HP: -4/36 MP: 11/11
  2789 | D:9      | Found Hyeraite's Antique Weapon Shop.
  2819 | D:9      | Noticed a centaur warrior
  2825 | D:9      | Killed a centaur warrior
  2825 | D:9      | Reached XP level 9. HP: 39/39 MP: 11/13
  3028 | D:9      | Reached *** piety under Trog
  3085 | D:9      | Found a basalt altar of Yredelemnul.
  3088 | D:9      | Found an opulent altar of Gozag.
  3088 | D:9      | Found a blossoming altar of Fedhas.
  3088 | D:9      | Found a shadowy altar of Dithmenos.
  3088 | D:9      | Found a deep blue altar of Sif Muna.
  3089 | D:9      | Found a shattered altar of Ashenzari.
  3089 | D:9      | Found a sparkling altar of Nemelex Xobeh.
  3089 | D:9      | Found an iron altar of Okawaru.
  3171 | D:9      | Found a staircase to the Lair.
  3184 | D:9      | Reached skill level 12 in Stealth
  3208 | D:10     | Entered Level 10 of the Dungeon
  3332 | D:10     | Reached skill level 5 in Fighting
  3475 | D:10     | Gained mutation: Your system is resistant to poisons. [mutagenic meat]
  3476 | D:10     | Gained mutation: Your spells are a little harder to cast, but a little more powerful. [mutagenic meat]
  3478 | D:10     | Gained mutation: You tend to lose your temper in combat. [mutagenic meat]
  3479 | D:10     | Gained mutation: You are resistant to hostile enchantments. [mutagenic meat]
  3480 | D:10     | Lost mutation: You are resistant to hostile enchantments. [mutagenic meat]
  3481 | D:10     | Lost mutation: You are agile. (Dex +2) [mutagenic meat]
  3482 | D:10     | Gained mutation: You are frail (-10% HP). [mutagenic meat]
  3483 | D:10     | meh
  3601 | D:10     | Lost mutation: You tend to lose your temper in combat. [potion of mutation]
  3700 | D:11     | Noticed Harold
  3700 | D:11     | Noticed Fannar
  3705 | D:11     | Killed Fannar
  3705 | D:11     | Reached skill level 5 in Evocations
  3705 | D:11     | Reached XP level 10. HP: 39/39 MP: 14/14
  3715 | D:11     | Killed Harold
  3715 | D:11     | Reached skill level 13 in Stealth
  3767 | D:11     | Noticed Gastronok
  3803 | D:11     | Killed Gastronok
  3803 | D:11     | Reached skill level 10 in Unarmed Combat
  4022 | D:11     | Gained mutation: You are dopey. (Int -2) [mutagenic meat]
  4023 | D:11     | Gained mutation: You are surrounded by a mild repulsion field (EV +2). [mutagenic meat]
  4024 | D:11     | Gained mutation: Potions and wands are less effective at restoring your health. [mutagenic meat]
  4025 | D:11     | Gained mutation: You are weak. (Str -2) [mutagenic meat]
  4029 | D:11     | meh
  4066 | D:12     | Reached **** piety under Trog
  4091 | D:12     | Noticed a brown ugly thing
  4106 | D:12     | Killed a brown ugly thing
  4106 | D:12     | Reached skill level 10 in Dodging
  4147 | D:12     | Found a frozen archway.
  4157 | IceCv    | Entered an ice cave
  4160 | IceCv    | Reached XP level 11. HP: 43/43 MP: 16/16
  4183 | IceCv    | Reached skill level 14 in Stealth
  4250 | IceCv    | Identified the Collected Works on the Mutagenic Entourage (You found it in an ice cave)
  4648 | IceCv    | Noticed a death yak
  4648 | IceCv    | Noticed a death yak
  4668 | IceCv    | Killed a death yak
  4676 | IceCv    | Killed a death yak
  4839 | IceCv    | Noticed a frost giant
  4848 | IceCv    | Noticed a death yak
  5077 | IceCv    | Killed a death yak
  5077 | IceCv    | Reached skill level 15 in Stealth
  5171 | IceCv    | Slain by a frost giant
  5172 | IceCv    | Reached XP level 10. HP: -4/41 MP: 16/16
  5377 | D:14     | Noticed an unseen horror
  5393 | D:14     | Killed an unseen horror
  5393 | D:14     | Reached XP level 11. HP: 26/45 MP: 17/17
  5431 | D:13     | Noticed Maurice
  5438 | D:13     | Killed Maurice
  5457 | D:13     | Lost mutation: Your system is resistant to poisons. [mutagenic meat]
  5458 | D:13     | Lost mutation: You are weak. (Str -2) [mutagenic meat]
  5466 | D:13     | Got a crude cloak
  5730 | D:14     | Found a gate to the Vaults.
  5730 | D:14     | Noticed a vault guard
  5730 | D:14     | Noticed a wizard
  5730 | D:14     | Noticed a necromancer
  5736 | D:14     | Killed a necromancer
  5760 | D:14     | Killed a vault guard
  5766 | D:14     | Killed a wizard
  5766 | D:14     | Reached skill level 16 in Stealth
  5827 | D:14     | Noticed a death knight
  5840 | D:14     | Killed a death knight
  5874 | D:14     | Noticed a centaur warrior
  5878 | D:14     | Shot with an arrow by a centaur warrior
  5879 | D:14     | Reached XP level 10. HP: -5/42 MP: 16/16
  5892 | D:14     | Killed a centaur warrior
  5892 | D:14     | Reached XP level 11. HP: 45/45 MP: 17/17
  6019 | D:12     | Found a portal to a secret trove of treasure.
  6204 | D:14     | Noticed a purple ugly thing
  6204 | D:14     | Noticed a purple ugly thing
  6204 | D:14     | Noticed a purple ugly thing
  6205 | D:14     | Noticed a purple ugly thing
  6205 | D:14     | Noticed a purple ugly thing
  6234 | D:14     | Killed a cyan ugly thing
  6238 | D:14     | Killed a purple ugly thing
  6240 | D:14     | Killed a purple ugly thing
  6258 | D:14     | Gained mutation: You are partially covered in large bone plates (AC +2, SH +2). [mutagenic meat]
  6259 | D:14     | Lost mutation: Your spells are a little harder to cast, but a little more powerful. [mutagenic meat]
  6260 | D:14     | Gained mutation: You are partially covered in icy blue scales (AC +1). [mutagenic meat]
  6261 | D:14     | Gained mutation: You are somewhat resistant to further mutation. [mutagenic meat]
  6265 | D:14     | Lost mutation: You are dopey. (Int -2) [mutagenic meat]
  6296 | D:14     | Killed a cyan ugly thing
  6300 | D:14     | Killed a cyan ugly thing
  6349 | D:15     | Entered Level 15 of the Dungeon
  6352 | D:15     | Noticed an ogre mage
  6355 | D:15     | Noticed a hill giant
  6376 | D:15     | Killed an ogre mage
  6465 | D:15     | Noticed a deep troll
  6467 | D:15     | Noticed an ogre mage
  6469 | D:15     | Killed a deep troll
  6469 | D:15     | Reached skill level 17 in Stealth
  6473 | D:15     | Killed an ogre mage
  6493 | D:15     | Found a staircase to the Depths.
  6493 | D:15     | Noticed a deep elf knight
  6493 | D:15     | Noticed an ettin
  6496 | D:15     | Killed an ettin
  6496 | D:15     | Gained mutation: Your thick and shaggy fur keeps you warm (AC +3, rC+). [Felid growth]
  6496 | D:15     | Reached XP level 12. HP: 49/49 MP: 19/19
  6548 | Depths:1 | Entered Level 1 of the Depths
  6550 | Depths:1 | Noticed a centaur warrior
  6625 | Depths:2 | Found a gateway to Hell.
  6653 | Depths:2 | Noticed a fire dragon
  6655 | Depths:2 | Noticed a rakshasa
  6719 | Depths:1 | Noticed a fire dragon
  6719 | Depths:1 | a wolf spider changed into a fire dragon
  6721 | Depths:1 | Noticed a great orb of eyes
  6721 | Depths:1 | a fire dragon changed into a great orb of eyes
  6724 | Depths:1 | Killed a great orb of eyes
  6728 | Depths:1 | Noticed an ice dragon
  6771 | Depths:1 | Killed an ice dragon
  6781 | Depths:1 | Gained mutation: Your spells are a little easier to cast, but a little less powerful. [mutagenic meat]
  6857 | Depths:1 | Noticed an ogre mage
  6876 | Depths:1 | Killed an ogre mage
  6941 | Depths:1 | Noticed a merfolk impaler
  6977 | Depths:1 | Killed a merfolk impaler
  7081 | Depths:1 | Noticed a great orb of eyes
  7090 | Depths:1 | Killed a great orb of eyes
  7135 | Depths:1 | Killed a centaur warrior
  7140 | Depths:1 | nuthulu: level 12, in depths, felid berserker....whut
  7163 | Depths:1 | 4thArraOfDagon: yea...
  7163 | Depths:1 | 4thArraOfDagon: i ermm...
  7163 | Depths:1 | 4thArraOfDagon: i'm not drunk
  7163 | Depths:1 | 4thArraOfDagon: but
  7163 | Depths:1 | 4thArraOfDagon: idk lol
  7163 | Depths:1 | 4thArraOfDagon: idk man, i should probably do something else like orcs
  7199 | D:15     | nuthulu: Nah, go get the hell runes then do zot
  7244 | D:15     | Noticed a centaur warrior
  7255 | D:15     | Killed a centaur warrior
  7404 | D:14     | Noticed Snorg
  7421 | D:14     | Killed Snorg
  7429 | D:14     | Reached skill level 18 in Stealth
  7431 | D:14     | Reached XP level 13. HP: 46/54 MP: 19/21
  7454 | D:14     | Lost mutation: Potions and wands are less effective at restoring your health. [mutagenic meat]
  7654 | D:13     | Noticed Nessos
  7657 | D:13     | Killed Nessos
  7815 | D:12     | Noticed Psyche
  8032 | D:11     | Found a staircase to the Orcish Mines.
  8043 | Orc:1    | Entered Level 1 of the Orcish Mines
  8185 | Orc:2    | Entered Level 2 of the Orcish Mines
  8185 | Orc:2    | Found a roughly hewn altar of Beogh.
  8203 | Orc:2    | Found Onakeaff's Weapon Shoppe.
  8293 | Orc:2    | Found a roughly hewn altar of Beogh.
  8297 | Orc:2    | Found Gaivafay's Antique Weapon Shoppe.
  8369 | Orc:2    | Found a roughly hewn altar of Beogh.
  8372 | Orc:2    | Found Yqups's Book Boutique.
  8457 | Orc:2    | Noticed an ettin
  8465 | Orc:2    | Killed an ettin
  8478 | Orc:2    | Found a roughly hewn altar of Beogh.
  8545 | Orc:2    | Found a roughly hewn altar of Beogh.
  8619 | Orc:2    | Reached ***** piety under Trog
  8626 | Orc:2    | Found Tanafof's Jewellery Shoppe.
  8652 | Orc:2    | Found a staircase to the Elven Halls.
  8711 | Orc:2    | Found Asupp's Food Shoppe.
  8997 | Orc:2    | Noticed an orc warlord
  9022 | Orc:2    | Killed an orc warlord
  9022 | Orc:2    | Reached skill level 10 in Evocations
  9184 | Orc:2    | Found Mouhoerr's Antique Armour Emporium.
  9184 | Orc:2    | Found a roughly hewn altar of Beogh.
  9185 | Orc:2    | Found Pomod's Antique Weapon Shoppe.
  9258 | Elf:1    | Entered Level 1 of the Elven Halls
  9267 | Elf:1    | Noticed a deep elf sorcerer
  9281 | Elf:1    | Found a magical portal.
  9288 | WizLab   | Entered Doroklohe's Tomb
  9354 | WizLab   | Noticed a mummy priest
  9355 | WizLab   | Killed a mummy priest
  9413 | WizLab   | Noticed an ancient lich
  9414 | WizLab   | Noticed a mummy priest
  9415 | WizLab   | Killed a mummy priest
  9450 | WizLab   | Noticed a cacodemon
  9453 | WizLab   | Blown up by an ancient lich
  9454 | WizLab   | Reached XP level 12. HP: -2/76 MP: 20/20
  9546 | WizLab   | Noticed a mummy priest
  9547 | WizLab   | Killed a mummy priest
  9549 | WizLab   | Noticed a mummy priest
  9587 | WizLab   | Killed a mummy priest
  9587 | WizLab   | Reached XP level 13. HP: 29/51 MP: 21/21
  9599 | WizLab   | Noticed a mummy priest
  9602 | WizLab   | Killed a mummy priest
  9602 | WizLab   | Reached skill level 19 in Stealth
  9640 | WizLab   | Blown up by an ancient lich

Vault maps used:
D:1:      dpeg_arrival_lava_temple_mockup, nicolae_ashenzari_panopticon
D:2:      bloody_trog, st_stairs_6, uniq_terence
D:4:      uniq_eustachio, uniq_natasha, uniq_menkaure
D:5:      minmay_temple_entry_butterflies, gup_sewer_entry_glass, first_bread
D:7:      grunt_livestock
D:8:      minmay_orc_keep
D:9:      grunt_temple_overflow_open, lair_0_dummy, serial_shops, shop_coins
D:11:     orc_0_dummy, uniq_harold, uniq_fannar, uniq_gastronok
D:12:     enter_trove_3, portal_ice_cave_entry_pillars_02, uniq_psyche
D:13:     uniq_maurice, uniq_nessos
D:14:     grunt_vaults_entry_tiered, minmay_crystal_water, uniq_snorg
D:15:     hangedman_depths_entry_civil_slaughter, minivault_25
Orc:2:    grunt_orc_community_town_hall, grunt_orc_community_big_house_2,
          grunt_orc_community_big_house_2, grunt_orc_community_house_3,
          grunt_orc_community_house_3, grunt_orc_community_house_3,
          grunt_orc_community_house_3, serial_shops, nicolae_shop_stone, shop,
          shop, basic_altar
Elf:1:    infiniplex_enter_wizlab_spiral, hangedman_elf_represent,
          einodemon_crawler_minivault
Depths:1: roderic_lattice_a, hell_entry, minmay_misc_feat_diagonals,
          due_unseen_surprise
Depths:2: wad_guarded_room, hell_entry, rand_demon_pan_entry_9, spider_trap,
          kennysheep_generic_room_4, minmay_staircase_bubble
Sewer:    sewer_big_baddie
IceCv:    ice_cave_caverns_02
WizLab:   wizlab_doroklohe

Action                   |  1- 3 |  4- 6 |  7- 9 | 10-12 | 13-15 || total
-------------------------+-------+-------+-------+-------+-------++-------
Melee: Unarmed           |    32 |    67 |   348 |   633 |   362 ||  1442
Invok: Berserk           |     3 |     4 |    20 |    30 |    13 ||    70
       Trog's Hand       |       |     1 |    13 |    32 |    13 ||    59
       Brothers in Arms  |       |       |       |     2 |     4 ||     6
Evoke: Wand              |       |       |       |     4 |     8 ||    12
       Deck              |       |       |       |     1 |       ||     1
       Lamp of fire      |       |       |       |     1 |       ||     1
       Stone of tremors  |       |       |       |       |     1 ||     1
  Use: Scroll            |       |    10 |     6 |    13 |     5 ||    34
       Potion            |       |       |     4 |     5 |    10 ||    19
 Stab: Sleeping          |     6 |     8 |    29 |    52 |    38 ||   133
       Distracted        |       |       |       |     2 |     1 ||     3
  Eat: Chunk             |     8 |     7 |    37 |    73 |    24 ||   149
       Pizza             |       |       |       |     3 |       ||     3
